 Dungeon Crawl Stone Soup version 0.19-a0-1007-g133f65f (webtiles) character file.

294 Ijustatesigmund the Skirmisher (level 6, 36/49 HPs)
             Began as a Demonspawn Fighter on July 21, 2016.
             Quit the game on level 5 of the Dungeon.
             The game lasted 00:05:12 (3408 turns).

Ijustatesigmund the Skirmisher (Demonspawn Fighter) Turns: 3408, Time: 00:05:13

Health: 36/49      AC: 11    Str: 17    XL:     6   Next: 11%
Magic:  6/6        EV:  8    Int:  9    God:
Gold:   147        SH:  9    Dex: 14    Spells: 0 memorised, 5 levels left

rFire  . . .     SeeInvis .     p - +2 mace (crush)
rCold  . . .     Gourm    .     b - +0 scale mail
rNeg   . . .     Faith    .     c - +0 shield
rPois  .         Spirit   .     (helmet restricted)
rElec  .         Dismiss  .     (no cloak)
rCorr  .         Reflect  .     k - +2 pair of gloves
SustAt .         Harm     .     (no boots)
MR     .....                    o - amulet of rage
Stlth  ..........               (no ring)
                                (no ring)

@: mildly poisoned (36 -> 35), not resistant to hostile enchantments, extremely
unstealthy
A: antennae 2, thin metallic scales 1, demonic guardian 1
a: Evoke Berserk Rage


You were on level 5 of the Dungeon.
You were not hungry.

You visited 1 branch of the dungeon, and saw 5 of its levels.

You collected 147 gold pieces.

Inventory:

Hand Weapons
 a - a +0 flail
 p - a +2 mace of crushing (weapon)
Armour
 b - a +0 scale mail (worn)
 c - a +0 shield (worn)
 g - a +0 large shield
 k - a +2 pair of gloves (worn)
Jewellery
 m - an uncursed amulet of faith {unknown}
 o - an amulet of rage (around neck)
Scrolls
 e - a scroll of identify
 h - 2 scrolls of noise {unknown}
 j - 3 scrolls of remove curse
 q - a scroll of random uselessness {unknown}
 r - 2 scrolls of immolation {unknown}
Potions
 d - a potion of might
 i - 2 potions of haste
 l - 3 potions of curing
 n - a potion of degeneration {unknown}
 s - a potion of invisibility {unknown}
Comestibles
 f - 2 bread rations


   Skills:
 + Level 4.5 Fighting
 + Level 3.7 Maces & Flails
 - Level 2.6 Armour
 + Level 2.9 Dodging
 - Level 2.6 Shields


You had 5 spell levels left.
You didn't know any spells.

Dungeon Overview and Level Annotations

Branches:
Dungeon (5/15)
 Temple: D:4-7

Altars:
Trog


Innate Abilities, Weirdness & Mutations

You have a pair of antennae on your head.
You are partially covered in thin metallic scales. (AC +2)
A weak demonic guardian rushes to your aid.


Message History

An orc comes into view. It is wielding a short sword.
The orc shouts!
The orc moves out of view.
Found a viscous ruby potion.
You feel sick.
You hit the orc wizard.
The orc wizard is heavily wounded.
The orc wizard hits you but does no damage.
You block the orc wizard's attack.
You sock the orc wizard!
You kill the orc wizard!
You have reached level 6!
Your experience leads to an increase in your attributes!
Increase (S)trength, (I)ntelligence, or (D)exterity?
You feel agile.
Your demonic ancestry asserts itself...
You feel the presence of a demonic guardian.
You sock the orc!
You kill the orc!
You feel sick.
Are you sure you want to abandon this character and quit the game? (Confirm with "yes".)

#.# .....
#.##........
#......?....
#...........
#...........
#...........
####......)....
#..'<).......!.
#.##.†.@)#..
#.##.....#
#.##.....#
#.######## #.#
#.# #.# #.# #.#


There were no monsters in sight!

Vanquished Creatures
  Menkaure (D:4)
  A crimson imp (D:4)
  An orc wizard (D:5)
  A howler monkey skeleton (D:4)
  3 adders
  A worm (D:3)
  A dart slug (D:5)
  2 giant geckos (D:1)
  2 orcs (D:5)
  3 ball pythons
  2 giant cockroaches (D:1)
  9 goblins
  7 hobgoblins
  4 jackals
  8 bats
  6 giant newts
  8 kobolds
  9 rats
69 creatures vanquished.

Notes
Turn   | Place    | Note
-------+----------+-------------------------------------------
     0 | D:1      | Ijustatesigmund the Demonspawn Fighter began the quest for the Orb.
     0 | D:1      | Reached XP level 1. HP: 18/18 MP: 1/1
   510 | D:1      | Gained mutation: You have a pair of small antennae on your head. [demonic ancestry]
   510 | D:1      | Reached XP level 2. HP: 16/24 MP: 2/2
  1236 | D:2      | Reached XP level 3. HP: 28/29 MP: 3/3
  1261 | D:2      | Reached skill level 1 in Dodging
  1740 | D:3      | Gained mutation: You are partially covered in thin metallic scales. (AC +2) [demonic ancestry]
  1740 | D:3      | Reached XP level 4. HP: 26/37 MP: 4/4
  2489 | D:4      | Noticed Menkaure
  2495 | D:4      | Killed Menkaure
  2495 | D:4      | Reached skill level 4 in Fighting
  2495 | D:4      | Gained mutation: You have a pair of antennae on your head. [demonic ancestry]
  2495 | D:4      | Reached XP level 5. HP: 42/42 MP: 5/5
  3119 | D:4      | Found a bloodstained altar of Trog.
  3366 | D:5      | Entered Level 5 of the Dungeon
  3406 | D:5      | Gained mutation: A weak demonic guardian rushes to your aid. [demonic ancestry]
  3406 | D:5      | Reached XP level 6. HP: 37/49 MP: 6/6
  3408 | D:5      | Quit the game

Vault maps used:
D:1:      dpeg_arrival_circle_labyrinth_c
D:2:      minmay_unequal
D:4:      lemuel_coloured_pillars_altar, uniq_menkaure
D:5:      first_bread, serial_shops, shop

Skill      XL: |  1  2  3  4 |
---------------+-------------+-----
Maces & Flails | 2 3 |  3.7
Dodging        | 1 2 |  2.9
Fighting       | 4 |  4.5
Armour         | |  2.6
Shields        | |  2.6

Action                   |  1- 3 |  4- 6 || total
-------------------------+-------+-------++-------
Melee: Flail             |   152 |    50 ||   202
       Mace              |       |    22 ||    22
 Abil: Evoke Berserk Rag |       |     1 ||     1
  Use: Scroll            |       |     3 ||     3
  Eat: Chunk             |     3 |     2 ||     5
       Bread ration      |       |     1 ||     1
       Pizza             |       |     1 ||     1
Armor: Scale mail        |   104 |    26 ||   130
Dodge: Dodged            |    55 |    15 ||    70
Block: Shield            |    94 |    27 ||   121
